 Dungeon Crawl Stone Soup version 0.31.0-11-ge490571c62 (webtiles) character file.

Game seed: 15881499845194715342

123 PaiMei the Grave Robber (level 4, 0/33 HPs)
             Began as a Demonspawn Necromancer on Jan 27, 2024.
             Slain by a gnoll
             ... wielding a +0 club
              (4 damage)
             ... on level 3 of the Dungeon.
             The game lasted 00:03:08 (2783 turns).

PaiMei the Grave Robber (Demonspawn Necromancer)    Turns: 2783, Time: 00:03:08

Health: 0/33       AC:  3    Str:  8    XL:     4   Next: 79%
Magic:  0/8        EV: 12    Int: 18    God:
Gold:   134        SH:  0    Dex: 13    Spells: 0/8 levels left

rFire   . . .        j - +7 spear "Ciet" {freeze, Will+}
rCold   . . .        (no shield)
rNeg    . . .        a - +0 robe
rPois   .            (helmet restricted)
rElec   .            (no cloak)
rCorr   .            (no gloves)
SInv    .            (no boots)
Will    +....        (no amulet)
Stlth   ++           (no ring)
HPRegen 0.25/turn    (no ring)
MPRegen 0.11/turn

%: no passive effects
@: no status effects
A: horns 1, sharp scales 1
a: no special abilities


You were on level 3 of the Dungeon.
You visited 1 branch of the dungeon, and saw 3 of its levels.

You collected 134 gold pieces.

Inventory:

Hand Weapons
 c - a +0 club
 j - the +7 spear "Ciet" (weapon) {freeze, Will+}
   (You found it on level 3 of the Dungeon)

   Will+:     It increases your willpower.
Armour
 a - a +0 robe (worn)
Scrolls
 d - a scroll of revelation {unknown}
 e - 4 scrolls of identify {unknown}
 f - a scroll of acquirement {unknown}
 h - a scroll of amnesia {unknown}
 k - a scroll of vulnerability {unknown}
Potions
 b - a potion of magic
 g - a potion of ambrosia {unknown}
 i - a potion of heal wounds {unknown}
 l - a potion of curing {unknown}


   Skills:
 + Level 1.7 Fighting
 + Level 2.7 Dodging
 - Level 2.0 Stealth
 + Level 2.8 Spellcasting
 + Level 5.1 Necromancy


You couldn't memorise any spells.
You knew the following spells:

 Your Spells              Type           Power      Damage    Failure   Level
a - Necrotise             Necr           84%        1d8       1%          1
b - Vampiric Draining     Necr           21%        2d7       6%          3
c - Animate Dead          Necr           21%        N/A       21%         4

Your spell library contained the following spells:

 Spells                   Type           Power      Damage    Failure   Level
 Mercury Vapours          Alch/Air       4%         N/A       26%         2
 Mephitic Cloud           Conj/Alch/Air  2%         N/A       45%         3
 Curse of Agony           Necr           21%        N/A       50%         5
 Freezing Cloud           Conj/Ice/Air   1%         6-21      99%         5


Dungeon Overview and Level Annotations

Branches:
Dungeon (3/15)

Altars:
Ashenzari


Innate Abilities, Weirdness & Mutations

You have a pair of small horns on your head.
You are partially covered in razor-sharp scales. (AC +1, Slay +1)


Message History

Your gnoll skeleton barely misses the gnoll.
The gnoll hits your gnoll skeleton with a +0 club!
Casting: Necrotise (safe; 1% risk of failure)
Confirm with . or Enter, or press ? or * to list all spells.
Aiming: Necrotise (safe; 1% risk of failure)
Press: ? - help, Shift-Dir - straight line, f/p - gnoll
Aim: a gnoll, wielding a +0 whip (chance to affect: 85%)
The gnoll barely resists.
The gnoll hits you with a +0 whip!
The gnoll hits your gnoll skeleton with a +0 club!
Your gnoll skeleton is destroyed!
The gnoll attacks as it pursues you! The gnoll closely misses you.
Casting: Necrotise (safe; 1% risk of failure)
Confirm with . or Enter, or press ? or * to list all spells.
Aiming: Necrotise (safe; 1% risk of failure)
Press: ? - help, Shift-Dir - straight line, f/p - gnoll
Aim: a gnoll, wielding a +0 whip (chance to affect: 85%)
The gnoll writhes in agony.
The gnoll hits you with a +0 whip. The gnoll attacks as it pursues you!
The gnoll barely misses you.
Casting: Necrotise (safe; 1% risk of failure)
Confirm with . or Enter, or press ? or * to list all spells.
Aiming: Necrotise (safe; 1% risk of failure)
Press: ? - help, Shift-Dir - straight line, f/p - gnoll
Aim: a gnoll, wielding a +0 whip (lightly wounded, chance to affect: 85%)
The gnoll writhes in agony.
The gnoll hits you with a +0 whip.
Casting: Necrotise (safe; 1% risk of failure)
Confirm with . or Enter, or press ? or * to list all spells.
Aiming: Necrotise (safe; 1% risk of failure)
Press: ? - help, Shift-Dir - straight line, f/p - gnoll
Aim: a gnoll, wielding a +0 whip (moderately wounded, chance to affect: 85%)
The gnoll writhes in agony.
The gnoll hits you with a +0 whip.
* * * LOW HITPOINT WARNING * * *
Casting: Necrotise (safe; 1% risk of failure)
Confirm with . or Enter, or press ? or * to list all spells.
You don't have enough magic to cast this spell.
You closely miss the gnoll. Your headbutt misses the gnoll.
The gnoll is moderately wounded.
The gnoll hits you with a +0 whip.
* * * LOW HITPOINT WARNING * * *
The gnoll hits you with a +0 club.
You die...

...# .......... ....
.......#.. .... #######+#.....
#.# ######...##...... #.#
###......##....#+# #.#
.##......##......####.#
.##.......#....#....#.#
.#........#....#......########
.#.............#@.............
.#.............#gg....########
.#.............#......#####
##.....####....#..........#
##.....# #....#.#.##..#..#
......#...#....#.#.##.....#
......#...#....#.#.##..#..#
......#...####.#.#........#
......#...#....#.....#.#..#


You could see 2 gnolls.

Vanquished Creatures
  A bombardier beetle (D:3)
  2 gnolls
  2 adders
  4 dart slugs
  2 orcs (D:3)
  2 bats (D:1)
  2 endoplasms
  7 hobgoblins
  5 kobolds
  A quokka (D:1)
  6 ball pythons
  3 frilled lizards
  6 goblins
  4 rats
47 creatures vanquished.

Notes
Turn   | Place    | Note
-------+----------+-------------------------------------------
     0 | D:1      | PaiMei the Demonspawn Necromancer began the quest for the
                  | Orb.
     0 | D:1      | Reached XP level 1. HP: 13/13 MP: 3/3
    78 | D:1      | Gained mutation: You have a pair of small horns on your
                  | head. [demonic ancestry]
    78 | D:1      | Reached XP level 2. HP: 17/19 MP: 0/5
   342 | D:1      | Found a faded altar of an unknown god.
   855 | D:1      | Gained mutation: You are partially covered in razor-sharp
                  | scales. (AC +1, Slay +1) [demonic ancestry]
   855 | D:1      | Reached XP level 3. HP: 25/25 MP: 4/6
  1457 | D:2      | Found a broken altar of Ashenzari.
  1654 | D:2      | Reached skill level 1 in Fighting
  2144 | D:3      | Reached skill level 5 in Necromancy
  2144 | D:3      | Reached XP level 4. HP: 17/32 MP: 5/8
  2327 | D:3      | Learned a level 3 spell: Vampiric Draining
  2332 | D:3      | Learned a level 4 spell: Animate Dead
  2367 | D:3      | Identified the +7 spear "Ciet" {freeze, Will+}
  2783 | D:3      | Slain by a gnoll

Illustrated notes

Levels and vault maps discovered:
D:1:      roderic_dead_forest, layout_loops_corners,
          shapermc_ecumenical_altar_acropolis, serial_forest,
          infiniplex_forest_lined_2, infiniplex_forest_lined_room_2,
          infiniplex_forest_straight_4, infiniplex_forest_clump_small,
          infiniplex_forest_lined_3, infiniplex_forest_lined_2
D:2:      layout_rooms, basic_altar
D:3:      layout_basic, nzn_overflow_gifts_of_might_and_magic

Skill      XL: |  1  2  3 |
---------------+----------+-----
Dodging        | 2 |  2.7
Stealth        | 2 |  2.0
Fighting       | 1 |  1.7
Necromancy     | 5 |  5.1
Spellcasting   | |  2.8

Action                     |  1- 3 |  4- 6 || total
---------------------------+-------+-------++-------
  Melee: Unarmed           |     3 |       ||     3
         Club              |     5 |       ||     5
         Headbutt          |     1 |       ||     1
         Spear             |       |     2 ||     2
   Cast: Necrotise         |    71 |    30 ||   101
 Armour: Robe              |     5 |    16 ||    21
  Dodge: Dodged            |    13 |     9 ||    22
